 Dungeon Crawl Stone Soup version 0.25-a0-513-ge77a692 (webtiles) character file.

Game seed: 1229214827129300294, levelgen mode: deterministic

16 wolfsongas the Skirmisher (level 2, -2/20 HPs)
             Began as a Gargoyle Monk on Feb 15, 2020.
             Slain by an adder (4 damage)
             ... on level 2 of the Dungeon.
             The game lasted 00:01:16 (658 turns).

wolfsongas the Skirmisher (Gargoyle Monk)            Turns: 658, Time: 00:01:17

Health: -2/20      AC:  4    Str: 14    XL:     2   Next: 54%
Magic:  2/2        EV: 12    Int: 10    God:
Gold:   54         SH:  0    Dex: 12    Spells: 1/1 levels left

rFire    . . .     SeeInvis .   a - +0 mace
rCold    . . .     Gourm    .   (no shield)
rNeg     + . .     Faith    .   b - +0 robe
rPois    ∞         Spirit   .   (no helmet)
rElec    +         Reflect  .   (no cloak)
rCorr    .         Harm     .   (no gloves)
MR       .....                  (no boots)
Stlth    ++........             (no amulet)
HPRegen  0.06/turn              (no ring)
MPRegen  0.08/turn              (no ring)

@: no status effects
A: negative energy resistance 1, electricity resistance, unbreathing,
petrification resistance, rot immunity, AC +2
a: no special abilities


You were on level 2 of the Dungeon.
You were not hungry.

You visited 1 branch of the dungeon, and saw 2 of its levels.

You collected 54 gold pieces.

Inventory:

Hand Weapons
 a - a +0 mace (weapon)
Armour
 b - a +0 robe (worn)
Potions
 d - 2 potions of heal wounds
 e - a potion of curing
 g - a potion of brilliance {unknown}
 h - a potion of ambrosia {unknown}
Comestibles
 c - 5 rations
 j - 7 chunks of flesh


   Skills:
 * Level 4.0 Fighting
 + Level 3.2 Maces & Flails
 - Level 2.4 Dodging
 - Level 2.1 Stealth


You had one spell level left.
You didn't know any spells.
Your spell library was empty.

Dungeon Overview and Level Annotations

Branches:
Dungeon (2/15)

Altars:
Ashenzari


Innate Abilities, Weirdness & Mutations

You are resistant to torment.
Your stone body is resilient. (AC +2)
You are immune to poison.
You resist negative energy. (rN+)
You are resistant to electric shocks. (rElec)
You can survive without breathing.
You are immune to petrification.
You are immune to rotting.


Message History

The adder closely misses you. The adder bites you.
You closely miss the adder.
The adder is heavily wounded.
The adder barely misses you.
You barely miss the adder.
The adder is heavily wounded.
The adder closely misses you. x2
You closely miss the adder.
The adder is heavily wounded.
The adder bites you but does no damage.
You barely miss the adder.
The adder is heavily wounded.
The adder bites you but does no damage. The adder bites you.
* * * LOW HITPOINT WARNING * * *
You barely miss the adder.
The adder is heavily wounded.
The adder bites you.
* * * LOW HITPOINT WARNING * * *
The adder bites you.
You die...

#.. .# #######.. #.#
#.. ...#...###..
#####.## #.#....#.#
#......####.......#
#.# #..#..........##.#
#.###..#.##.....S....#
##.#.........#..@#
#............#...###
#..#.#..#.###......#
.........## ##.....#
÷....#...# #.....#
)....#...# #.....#
#.####....# ......#
#... ....)...##.####
########..... .#


You could see an adder.

Vanquished Creatures
  A worm (D:2)
  A bat (D:1)
  A giant cockroach (D:1)
  2 goblins
  3 hobgoblins
  2 frilled lizards (D:1)
  A kobold (D:2)
  A rat (D:1)
12 creatures vanquished.

Notes
Turn   | Place    | Note
-------+----------+-------------------------------------------
     0 | D:1      | wolfsongas the Gargoyle Monk began the quest for the Orb.
     0 | D:1      | Reached XP level 1. HP: 14/14 MP: 1/1
   222 | D:1      | Found a shattered altar of Ashenzari.
   438 | D:1      | Reached XP level 2. HP: 19/20 MP: 2/2
   607 | D:2      | Reached skill level 4 in Fighting
   658 | D:2      | Slain by an adder

Levels and vault maps discovered:
D:1:      minmay_arrival_loop, layout_basic, nicolae_ashenzari_panopticon
D:2:      layout_loops_cross, overflow_temple_1_default

Skill      XL: |  1  2 |
---------------+-------+-----
Fighting       | 4 |  4.0
Maces & Flails | |  3.2
Dodging        | |  2.4
Stealth        | |  2.1

Action                   || total
-------------------------++-------
Melee: Mace              ||    46
  Use: Scroll            ||     4
       Potion            ||     1
Armor: Robe              ||    16
Dodge: Dodged            ||    29

Table legend:
 A = Non-vault XP
 B = Vault XP
 C = Vault XP percentage of total XP
 D = Non-vault monster count
 E = Vault monster count
 F = Vault count percentage of total count
                 A         B        C        D         E       F
            +---------+---------+-------+---------+---------+-------
      Total |      23 |       0 |   0.0 |      12 |       0 |   0.0
            +---------+---------+-------+---------+---------+-------
        D:1 |      13 |       0 |   0.0 |       8 |       0 |   0.0
        D:2 |      10 |       0 |   0.0 |       4 |       0 |   0.0
            +---------+---------+-------+---------+---------+-------
